 Dungeon Crawl Stone Soup version 0.20.1-1-g8b1a95d (webtiles) character file.

258 vatarom the Summoner (level 5, 0/21 HPs)
             Began as a Felid Summoner on Sept 6, 2017.
             Was an Initiate of Sif Muna.
             Killed from afar by a steam dragon (21 damage)
             ... with a ball of steam
             ... on level 7 of the Dungeon.
             The game lasted 00:23:07 (7849 turns).

vatarom the Summoner (Felid Summoner)               Turns: 7849, Time: 00:23:09

Health: 0/21       AC:  4    Str:  5    XL:     5   Next: 94%
Magic:  11/13      EV: 19    Int: 17    God:    Sif Muna [......]
Gold:   317        SH:  0    Dex: 17    Spells: 0/13 levels left
                                        Lives:  0   Deaths: 2

rFire    . . .     SeeInvis +   (weapon unavailable)
rCold    . . .     Gourm    .   (shield unavailable)
rNeg     . . .     Faith    .   (armour unavailable)
rPois    .         Spirit   .   (helmet unavailable)
rElec    .         Reflect  .   (cloak unavailable)
rCorr    .         Harm     .   (gloves unavailable)
MR       .....                  (boots unavailable)
Stlth    +++.......             (no amulet)
Regen    0.1/turn               m - +1 ring of evasion
MPRegen  0.2/turn               (no ring)

@: quick
A: no armour, no weapons or thrown items, stealth, claws 1, fangs 3, horns 1,
iridescent scales 1, see invisible, carnivore 3, speed 1, screaming 1, shaggy
fur 2, slow metabolism 1, sharp paws
a: Renounce Religion


You were on level 7 of the Dungeon.
You worshipped Sif Muna.
Sif Muna was noncommittal.
You were not hungry.

You visited 2 branches of the dungeon, and saw 8 of its levels.

You collected 317 gold pieces.

Inventory:

Jewellery
 m - a +1 ring of evasion (left paw)
Wands
 f - a wand of random effects (29/48)
 g - a wand of iceblast (6/15)
Scrolls
 c - a scroll of recharging
 h - 4 scrolls of identify
Potions
 d - 2 potions of agility
 e - a potion of haste
 j - 3 potions of curing
 n - a potion of magic {unknown}
 o - a potion of brilliance {unknown}
Books
 a - a book of Callings

   Spells                             Type                      Level
   a - Summon Small Mammal            Summoning                    1
   b - Call Imp                       Summoning                    2
   c - Call Canine Familiar           Summoning                    3
   d - Summon Guardian Golem          Hexes/Summoning              3
   e - Summon Lightning Spire         Summoning/Air                4
   f - Summon Ice Beast               Ice/Summoning                4
 i - a book of Cantrips

   Spells                             Type                      Level
   a - Confusing Touch                Hexes                        1
   b - Animate Skeleton               Necromancy                   1
   c - Summon Small Mammal            Summoning                    1
   d - Apportation                    Translocation                1
Comestibles
 b - 3 meat rations
 l - a royal jelly


   Skills:
 - Level 2.6 Dodging
 - Level 2.6 Stealth
 + Level 4.7 Spellcasting
 * Level 3.0 Hexes
 - Level 8.3 Summonings


You couldn't memorise any spells.
You knew the following spells:

 Your Spells              Type           Power        Failure   Level  Hunger
a - Summon Small Mammal   Summ           ####         1%          1    None
b - Call Imp              Summ           ####....     1%          2    #......
c - Call Canine Familiar  Summ           ####....     1%          3    ###....
d - Summon Guardian Gole  Hex/Summ       ###.....     4%          3    ###....
e - Summon Ice Beast      Ice/Summ       ###.....     26%         4    ####...


Dungeon Overview and Level Annotations

Branches:
Dungeon (7/15)             Temple (1/1) D:6

Altars:
Ashenzari
Cheibriados
Dithmenos
Elyvilon
Fedhas
Gozag
Hepliaklqana
Kikubaaqudgha
Makhleb
Nemelex Xobeh
Okawaru
Qazlal
Ru
Sif Muna
Trog
Uskayaw
Vehumet
Xom
Yredelemnul
Zin
The Shining One

Annotations:
D:7 Joseph


Innate Abilities, Weirdness & Mutations

You cannot wear armour.
You are incapable of wielding weapons or throwing items.
Your paws allow you to move quietly. (Stealth)
You have sharp claws.
You have razor-sharp teeth.
You have supernaturally acute eyesight. (SInv)
You are carnivorous and can eat meat at any time.
You cover ground quickly.
You are covered in thick fur. (AC +2)
You have a slow metabolism.
Your sharp claws are effective at attacking unaware monsters.
You have a pair of small horns on your head.
You are partially covered in iridescent scales. (AC +2)
You occasionally shout uncontrollably at your foes.


Message History

Okay, then.
The orc barely misses you.
The centaur shoots an arrow.
The arrow hits you!
You die...
You are now level 5!
You rejoin the land of the living...
Found a robe.
You start waiting.
(D) Dungeon (T) Temple
Where to? (Enter - D:6 @ (x,y), ? - help)
A steam dragon is nearby!
Casting: Call Imp
Confirm with . or Enter, or press ? or * to list all spells.
A beastly little devil appears in a puff of flame.
You swap places.
The steam dragon breathes steam at you.
The ball of steam hits your crimson imp.
Your crimson imp resists.
The ball of steam hits you!
Ouch! That really hurt!
You die...

#.....# #### #..[..#
###...
#.....#########....§
#........##.....#.##
#.....# #...<§#.#
#...D.# # #.>...#.#
#..5§.# #.#.....#.##
###5### #..D÷.......
#@# ####.......# #.#
######...... #.#
##..5.......# ###.#
#.##
....).######.#..###


You could see a steam dragon and 2 friendly crimson imps.

Vanquished Creatures
  An ice beast (D:6)
  A bullfrog skeleton (D:4)
  A giant cockroach (D:1)
  A frilled lizard (D:2)
  3 rats
7 creatures vanquished.

Vanquished Creatures (collateral kills)
  Sigmund (D:2)
  A phantom (D:6)
  2 sky beasts
  A black bear (D:6)
  2 ice beasts
  An ogre (D:4)
  A centaur (D:5)
  2 bullfrogs (D:6)
  A water moccasin skeleton (D:6)
  A scorpion (D:5)
  A howler monkey (D:3)
  The ghost of vatarom the Caller, a weakling TeSu (D:5)
  A bullfrog zombie (D:5)
  2 crimson imps (D:5)
  A hound (D:6)
  3 orc wizards
  A howler monkey zombie (D:7)
  4 gnolls (D:6)
  13 adders
  2 oozes
  An adder skeleton (D:5)
  2 dart slugs
  3 leopard geckos
  9 orcs
  4 giant cockroaches
  9 hobgoblins
  2 jackals (D:3)
  A quokka (D:6)
  4 ball pythons
  12 bats
  3 frilled lizards
  2 jackal skeletons
  9 kobolds
  A quokka skeleton (D:5)
  21 rats
125 creatures vanquished.

Grand Total: 132 creatures vanquished

Notes
Turn   | Place    | Note
-------+----------+-------------------------------------------
     0 | D:1      | vatarom the Felid Summoner began the quest for the Orb.
     0 | D:1      | Reached XP level 1. HP: 7/7 MP: 4/4
   456 | D:1      | Reached XP level 2. HP: 11/11 MP: 3/6
   489 | D:1      | Learned a level 2 spell: Call Imp
  1335 | D:2      | Reached XP level 3. HP: 12/14 MP: 1/7
  1435 | D:2      | Gained mutation: You are robust. (+10% HP) [potion of mutation]
  1435 | D:2      | Gained mutation: You are resistant to electric shocks. (rElec) [potion of mutation]
  1454 | D:2      | Reached skill level 5 in Summonings
  1474 | D:2      | Learned a level 3 spell: Call Canine Familiar
  1504 | D:2      | Noticed Sigmund
  1513 | D:2      | Killed Sigmund
  1513 | D:2      | Reached XP level 4. HP: 19/19 MP: 1/9
  2278 | D:3      | Reached skill level 6 in Summonings
  2278 | D:3      | Reached XP level 5. HP: 23/23 MP: 2/10
  2283 | D:3      | Learned a level 3 spell: Summon Guardian Golem
  2803 | D:3      | Lost mutation: You are robust. (+10% HP) [potion of mutation]
  2803 | D:3      | Lost mutation: You are resistant to electric shocks. (rElec) [potion of mutation]
  2803 | D:3      | Gained mutation: You occasionally shout uncontrollably at your foes. [potion of mutation]
  2803 | D:3      | Gained mutation: You have a pair of small horns on your head. [potion of mutation]
  2803 | D:3      | Gained mutation: You are partially covered in iridescent scales. (AC +2) [potion of mutation]
  2863 | D:3      | Found a snail-covered altar of Cheibriados.
  3444 | D:4      | Noticed an ogre
  3456 | D:4      | Killed an ogre
  3929 | D:4      | Gained mutation: You are covered in thick fur. (AC +2) [Felid growth]
  3929 | D:4      | Reached XP level 6. HP: 24/24 MP: 2/12
  4287 | D:5      | Entered Level 5 of the Dungeon
  4421 | D:5      | Noticed vatarom's ghost (weakling TeSu)
  4450 | D:5      | Killed vatarom's ghost
  4579 | D:5      | Reached skill level 7 in Summonings
  4721 | D:5      | Noticed a moth of wrath
  4724 | D:5      | Found a bloodstained altar of Trog.
  4943 | D:5      | Got a smoking amethyst amulet
  4952 | D:5      | Noticed an ice beast
  4953 | D:5      | Identified the amulet of Yvvidut {Faith rPois rF- Dex+6 SInv} (You found it on level 5 of the Dungeon)
  4995 | D:5      | Killed an ice beast
  5440 | D:5      | Learned a level 4 spell: Summon Ice Beast
  5625 | D:6      | Reached XP level 7. HP: 27/27 MP: 4/14
  5761 | D:6      | Found a staircase to the Ecumenical Temple.
  5775 | Temple   | Entered the Ecumenical Temple
  5879 | Temple   | Became a worshipper of Sif Muna the Loreminder
  6739 | D:6      | Reached skill level 8 in Summonings
  7108 | D:6      | Reached skill level 1 in Hexes
  7485 | D:7      | Noticed a steam dragon
  7501 | D:7      | Killed from afar by a steam dragon
  7502 | D:7      | Reached XP level 6. HP: -1/24 MP: 7/14
  7506 | D:7      | Noticed a sky beast
  7651 | D:7      | Noticed Joseph
  7651 | D:7      | Noticed a wyvern
  7764 | D:7      | Killed a sky beast
  7813 | D:7      | Shot with an arrow by a centaur
  7814 | D:7      | Reached XP level 5. HP: 0/21 MP: 2/13
  7849 | D:7      | Killed from afar by a steam dragon

Skill      XL: |  1  2  3  4  5  6  7 |
---------------+----------------------+-----
Summonings     | 5 6 7 8 |  8.3
Spellcasting   | 3 4 |  4.7
Hexes          | 3 2 |  3.0
Dodging        | |  2.6
Stealth        | |  2.6

Action                   |  1- 3 |  4- 6 |  7- 9 || total
-------------------------+-------+-------+-------++-------
Melee: Unarmed           |    17 |    34 |     2 ||    53
       Bite              |     2 |     4 |       ||     6
       Headbutt          |       |     3 |     1 ||     4
 Cast: Summon Small Mamm |    20 |     1 |     2 ||    23
       Call Imp          |    26 |    46 |     5 ||    77
       Call Canine Famil |     1 |    38 |    15 ||    54
       Summon Guardian G |       |     3 |     5 ||     8
       Summon Ice Beast  |       |     3 |    16 ||    19
Evoke: Wand              |       |       |     1 ||     1
  Use: Potion            |     5 |     3 |       ||     8
       Scroll            |       |     7 |     3 ||    10
 Stab: Sleeping          |     2 |     5 |       ||     7
  Eat: Chunk             |    10 |     8 |     5 ||    23
Armor: Skin              |     5 |    10 |       ||    15
Dodge: Dodged            |    45 |   110 |    12 ||   167
